 Dungeon Crawl Stone Soup version 0.29-a0-334-gb41bcbb86e (webtiles) character file.

Game seed: 2000279755839244148

128 chunkyMonkey the Ruffian (level 5, 0/60 HPs)
             Began as a Barachi Transmuter on Apr 14, 2022.
             Succumbed to an adder's poison
             ... on level 3 of the Dungeon.
             The game lasted 00:04:42 (3607 turns).

chunkyMonkey the Ruffian (Barachi Transmuter)       Turns: 3607, Time: 00:04:42

Health: 0/60       AC:  3    Str: 13    XL:     5   Next: 12%
Magic:  6/8        EV: 16    Int: 14    God:
Gold:   116        SH:  0    Dex: 12    Spells: 3/9 levels left

rFire   . . .      SeeInvis .     - Unarmed
rCold   . . .      Faith    .   (no shield)
rNeg    . . .      Spirit   .   a - +0 robe
rPois   .          Reflect  .   j - +0 helmet
rElec   .          Harm     .   (no cloak)
rCorr   .          Rampage  .   (no gloves)
Will    .....                   (no boots)
Stlth   ..........              (no amulet)
HPRegen 0.20/turn               e - +4 ring of evasion
MPRegen 0.11/turn               (no ring)

@: berserking, lethally poisoned (0 -> -2), unable to hop, quick
A: amphibious, slowness 1, strong legs 1, +LOS
a: Hop


You were on level 3 of the Dungeon.
You visited 1 branch of the dungeon, and saw 3 of its levels.

You collected 116 gold pieces.

Inventory:

Missiles
 h - 4 poisoned darts
Armour
 a - a +0 robe (worn)
 j - a +0 helmet (worn)
Jewellery
 e - a +4 ring of evasion (left hand)
Scrolls
 f - a scroll of enchant weapon
 g - 2 scrolls of teleportation
 i - a scroll of vulnerability
Potions
 l - a potion of attraction {unknown}


   Skills:
 * Level 2.8 Fighting
 + Level 1.1 Armour
 * Level 2.9 Dodging
 * Level 4.1 Unarmed Combat
 + Level 2.6 Spellcasting
 * Level 3.0 Transmutations
 + Level 0.8 Poison Magic


You had 3 spell levels left.
You knew the following spells:

 Your Spells              Type           Power      Damage    Failure   Level
a - Beastly Appendage     Tmut           20%        N/A       6%          1
b - Wereblood             Tmut           10%        N/A       10%         2
c - Spider Form           Tmut/Pois      7%         N/A       30%         3

Your spell library contained the following spells:

 Spells                   Type           Power      Damage    Failure   Level
 Magic Dart               Conj           4%         1d3       22%         1
 Call Imp                 Summ           1%         N/A       34%         2
 Mephitic Cloud           Conj/Pois/Air  2%         N/A       52%         3
 Ice Form                 Ice/Tmut       6%         N/A       75%         4


Dungeon Overview and Level Annotations

Branches:
Dungeon (3/15)

Altars:


Innate Abilities, Weirdness & Mutations

You are amphibious.
You cover ground slowly.
You can hop short distances.
You have an extended range of vision and can be seen from far away.


Message History

You are lethally poisoned!
The adder poisons you!
Really quaff the potion of lignification?
Your horns disappear.
Your talons disappear.
Your +0 helmet unmelds from your body.
You turn into a tree.
Your +0 helmet melds into your body.
Your +0 robe melds into your body.
Your roots penetrate the ground.
* * * LOW HITPOINT WARNING * * *
You feel sick. The adder bites you but does no damage.
Unknown command.
It was a potion of cancellation.
Your magical effects are unravelling.
You feel magically purged.
You feel less wooden.
Your +0 helmet unmelds from your body.
Your +0 robe unmelds from your body.
Your primal bloodlust has ended.
* * * LOW HITPOINT WARNING * * *
You feel sick. The adder misses you. The orc closely misses you.
The adder misses you.
It was a potion of berserk rage.
A red film seems to cover your vision as you go berserk!
You feel yourself moving faster!
You feel mighty!
* * * LOW HITPOINT WARNING * * *
You feel sick. The adder misses you. The orc closely misses you.
Unknown command.
You closely miss the adder.
The adder is almost dead.
The adder bites you.
* * * LOW HITPOINT WARNING * * *
The orc misses you.
You are too berserk!
Unknown command.
You are too berserk!
You closely miss the adder.
The adder is almost dead.
* * * LOW HITPOINT WARNING * * *
You feel sick. The adder completely misses you.
You closely miss the adder.
The adder is almost dead.
You die...

#...#.##.#
#......# .
.. ...
#......#
.. ..
#......#
##..####
#..## #o##
#o# .. ..#
#S# . ...
..# #@# .#
#..##..#
#.#
..##......
...
#........
!....
...##.#
.......
###.##.#
#....(...
#......##
#........#
#.......#
#........#
#.....#.##
##########


You could see an adder and 2 orcs.

Vanquished Creatures
  Robin (D:2)
  3 gnolls (D:2)
  2 adders
  5 dart slugs (D:1)
  3 ball pythons
  2 endoplasms
  3 giant cockroaches
  12 goblins
  5 hobgoblins
  6 jackals (D:2)
  3 quokkas
  3 bats (D:2)
  2 frilled lizards (D:1)
  3 kobolds
  3 rats
56 creatures vanquished.

Notes
Turn   | Place    | Note
-------+----------+-------------------------------------------
     0 | D:1      | chunkyMonkey the Barachi Transmuter began the quest for the
                  | Orb.
     0 | D:1      | Reached XP level 1. HP: 15/15 MP: 3/3
   431 | D:1      | Reached XP level 2. HP: 13/21 MP: 1/5
   585 | D:1      | Learned a level 2 spell: Wereblood
  1516 | D:1      | Reached XP level 3. HP: 27/27 MP: 4/6
  1665 | D:1      | Learned a level 3 spell: Spider Form
  2137 | D:2      | Noticed Robin
  2153 | D:2      | Killed Robin
  2154 | D:2      | Reached XP level 4. HP: 32/33 MP: 3/7
  2425 | D:2      | Reached skill level 1 in Armour
  2431 | D:2      | Reached skill level 4 in Unarmed Combat
  2601 | D:2      | Reached XP level 5. HP: 37/39 MP: 6/8
  3604 | D:3      | HP: 3/60 [poisoned by an adder]
  3606 | D:3      | HP: 1/60 [poisoned by an adder]
  3607 | D:3      | Succumbed to an adder's poison

Illustrated notes

Levels and vault maps discovered:
D:1:      eino_arrival_cavern_b, layout_loops_ring, solitary_fountain,
          chequers_serial_rivers_room_a
D:2:      layout_basic, serial_aquarium, aquarium_bridge_square
          [aquarium_subvault_bridge, aquarium_subvault_window,
          aquarium_subvault_wall, aquarium_subvault_wall],
          aquarium_bridge_island_small [aquarium_subvault_small_open,
          aquarium_subvault_bridge, aquarium_subvault_wall,
          aquarium_subvault_wall, aquarium_subvault_balcony], aquarium_window_2,
          aquarium_window_corner, aquarium_window_fake, aquarium_view_2c,
          aquarium_pool_side, uniq_robin
D:3:      layout_rooms, uniq_terence

Skill      XL: |  1  2  3  4 |
---------------+-------------+-----
Fighting       | 2 |  2.8
Armour         | 1 |  1.1
Unarmed Combat | 4 |  4.1
Transmutations | 3 |  3.0
Dodging        | |  2.9
Spellcasting   | |  2.6
Poison Magic   | |  0.8

Action                   |  1- 3 |  4- 6 || total
-------------------------+-------+-------++-------
Melee: Unarmed           |    81 |    69 ||   150
       Kick              |    16 |    12 ||    28
       Headbutt          |    11 |     7 ||    18
       Punch             |     1 |     4 ||     5
 Cast: Beastly Appendage |    32 |    14 ||    46
       Wereblood         |     2 |     1 ||     3
 Abil: Hop               |       |     1 ||     1
  Use: Scroll            |       |     3 ||     3
       Potion            |       |     3 ||     3
Armor: Robe              |     9 |    11 ||    20
       Skin              |       |     1 ||     1
Dodge: Dodged            |    54 |    58 ||   112

Table legend: (Time is in decaauts)
 A = Elapsed time spent in this place.
 B = Non-inter-level travel time spent in this place.
 C = Inter-level travel time spent in this place.
 D = Time resting spent in this place.
 E = Time spent auto-exploring this place.
 F = Levels seen in this place.
 G = Mean time per level.
                   A        B        C        D        E       F      G
               +--------+--------+--------+--------+--------+-----+--------+
         Total |   3862 |   3811 |     51 |   1647 |   1721 |   3 | 1287.3 |
       Dungeon |   3862 |   3811 |     51 |   1647 |   1721 |   3 | 1287.3 |
               +--------+--------+--------+--------+--------+-----+--------+

Top non-repeatable levels by time:
     D:1: 2032 daAuts
     D:2: 1296 daAuts
     D:3: 532 daAuts
